 Dungeon Crawl Stone Soup version 0.24.0-41-g2ae2f7f1be (webtiles) character file.

Game seed: 16857347230211855199, levelgen mode: deterministic

421 Henning the Cudgeler (level 6, -7/39 HPs)
             Began as a Gargoyle Fighter on Dec 12, 2019.
             Was a Believer of Sif Muna.
             Killed by divine providence
             ... invoked by an orc priest
              (16 damage)
             ... on level 4 of the Dungeon.
             The game lasted 00:08:23 (2965 turns).

Henning the Cudgeler (Gargoyle Fighter)             Turns: 2965, Time: 00:08:23

Health: -7/39      AC: 12    Str: 22    XL:     6   Next: 94%
Magic:  6/6        EV: 10    Int:  8    God:    Sif Muna [**....]
Gold:   154        SH:  9    Dex:  9    Spells: 5/5 levels left

rFire    + . .     SeeInvis .   g - +2 mace (crush)
rCold    + + .     Gourm    .   c - +0 shield
rNeg     + . .     Faith    .   b - +0 scale mail
rPois    ∞         Spirit   .   x - +1 hat
rElec    +         Reflect  .   m - scarf {rC+ rF+}
rCorr    .         Harm     .   (no gloves)
MR       .....                  (no boots)
Stlth    ..........             (no amulet)
HPRegen  0.13/turn              j - ring of protection from cold
MPRegen  0.10/turn              z - +3 ring of evasion

@: no status effects
A: negative energy resistance 1, electricity resistance, unbreathing,
petrification resistance, rot immunity, AC +4
a: Channel Magic, Renounce Religion


You were on level 4 of the Dungeon.
You worshipped Sif Muna.
Sif Muna was pleased with you.
You were not hungry.

You visited 1 branch of the dungeon, and saw 4 of its levels.

You collected 154 gold pieces.

Inventory:

Hand Weapons
 a - a +0 flail
 g - a +2 mace of crushing (weapon)
Armour
 b - a +0 scale mail (worn)
 c - a +0 shield (worn)
 e - a +0 plate armour
 m - a scarf of resistance (worn)
 s - a +0 cloak
 x - a +1 hat (worn)
Jewellery
 j - a ring of protection from cold (left hand)
 z - a +3 ring of evasion (right hand)
Scrolls
 n - 3 scrolls of remove curse
 p - a scroll of fear {unknown}
 t - a scroll of noise {unknown}
 v - 2 scrolls of teleportation {unknown}
 w - a scroll of blinking {unknown}
 y - a scroll of identify
Potions
 d - a potion of might
 h - a potion of cancellation
 i - a potion of berserk rage
 k - a potion of flight {unknown}
 l - 3 potions of curing
 o - 2 potions of heal wounds
 q - 2 potions of haste
 r - a potion of lignification
 u - a potion of brilliance
Comestibles
 f - 9 rations


   Skills:
 + Level 4.7 Fighting
 * Level 4.7 Maces & Flails
 + Level 4.7 Armour
 + Level 4.6 Shields


You had 5 spell levels left.
You didn't know any spells.
Your spell library contained the following spells:

 Spells                   Type           Power        Failure   Level  Hunger
 Confusing Touch          Hex            #.....       99%         1    ##.....
 Confuse                  Hex            #.......     100%        3    ####...
 Gell's Gravitas          Tloc           #.........   100%        3    ####...
 Petrify                  Tmut/Erth      #.......     100%        4    #####..
 Metabolic Englaciation   Hex/Ice        #.........   100%        5    ######.
 Yara's Violent Unravell  Hex/Tmut       #.........   100%        5    ######.


Dungeon Overview and Level Annotations

Branches:
Dungeon (4/15)
 Temple: D:4-7

Altars:
Dithmenos
Sif Muna
Yredelemnul


Innate Abilities, Weirdness & Mutations

You are resistant to torment.
Your stone body is resilient. (AC +4)
You are immune to poison.
You resist negative energy. (rN+)
You are resistant to electric shocks. (rElec)
You can survive without breathing.
You are immune to petrification.
You are immune to rotting.


Message History

The orc priest mumbles some strange prayers to Beogh against you.
Beogh smites you!
* * * LOW HITPOINT WARNING * * *
The orc priest hits you but does no damage.
You block the orc priest's attack.
You sock the orc priest!
The orc priest is severely wounded.
You block the orc priest's attack.
You hit the orc priest but do no damage.
The orc priest is severely wounded.
The orc priest hits you but does no damage.
You hit the orc priest but do no damage.
The orc priest is severely wounded.
The orc priest hits you with a +2 trident of protection.
* * * LOW HITPOINT WARNING * * *
You barely miss the orc priest.
The orc priest is severely wounded.
The orc priest calls down the wrath of Beogh upon you.
Beogh smites you!
You die...

#.............#
########'###### #.#
############.#
#............#
#.############ #.#
#.....# ######### #.#
#.....# #........
#.###†@...#####.#######
#.#.)o....+...........#
#.#.#.....#.........#.#
#.#.#.....#.###.###.#.#
#.#.#.....#.#.......#..
#.#.#######.#.#.....###
#.#.# #.#.#####.# #.#.#
#.#.......# #.#.#
#.#########


You could see an orc priest.

Vanquished Creatures
  A howler monkey (D:4)
  A bullfrog skeleton (D:4)
  2 orc priests
  An iguana (D:4)
  Jessica (D:2)
  An orc wizard (D:4)
  4 worker ants (D:4)
  A gnoll (D:2)
  An adder (D:2)
  An ooze (D:4)
  2 worms (D:2)
  2 dart slugs
  3 leopard geckos (D:1)
  23 orcs
  6 bats
  3 giant cockroaches
  3 goblins
  4 hobgoblins
  4 jackals (D:2)
  2 quokkas
  4 frilled lizards
  2 gnoll zombies (D:3)
  A jackal skeleton (D:4)
  3 kobolds
  4 rats (D:2)
80 creatures vanquished.

Notes
Turn   | Place    | Note
-------+----------+-------------------------------------------
     0 | D:1      | Henning the Gargoyle Fighter began the quest for the Orb.
     0 | D:1      | Reached XP level 1. HP: 14/14 MP: 1/1
    66 | D:1      | Reached XP level 2. HP: 17/19 MP: 2/2
   506 | D:2      | Reached XP level 3. HP: 23/23 MP: 3/3
   529 | D:2      | Found a shadowy altar of Dithmenos.
   727 | D:2      | Found a faded altar of an unknown god.
   765 | D:2      | Became a worshipper of Sif Muna the Loreminder
   765 | D:2      | Reached * piety under Sif Muna
  1219 | D:2      | Reached XP level 4. HP: 29/29 MP: 4/4
  1439 | D:3      | Noticed Jessica
  1461 | D:2      | Killed Jessica
  1636 | D:3      | Reached XP level 5. HP: 19/33 MP: 5/5
  1912 | D:3      | Reached ** piety under Sif Muna
  2218 | D:3      | Found a basalt altar of Yredelemnul.
  2429 | D:4      | Reached XP level 6. HP: 30/38 MP: 6/6
  2965 | D:4      | Killed from afar by an orc priest

Levels and vault maps discovered:
D:1:      dpeg_arrival_short_road, layout_rooms, minmay_small_reverse_x
D:2:      minmay_inner_zag, layout_basic, grunt_dithmenos_smoke_and_mirrors,
          chequers_ecumenical_altar_island, kennysheep_potato
D:3:      layout_basic, lemuel_zombie_altar_yredelemnul, first_ration,
          uniq_jessica
D:4:      layout_basic

Skill      XL: |  1  2  3  4  5 |
---------------+----------------+-----
Maces & Flails | 3 4 |  4.7
Fighting       | 4 |  4.7
Armour         | 4 |  4.7
Shields        | 4 |  4.6

Action                   |  1- 3 |  4- 6 || total
-------------------------+-------+-------++-------
Melee: Mace              |    76 |   167 ||   243
  Use: Scroll            |     3 |     7 ||    10
  Eat: Chunk             |     1 |     6 ||     7
Armor: Scale mail        |    46 |   100 ||   146
Dodge: Dodged            |    14 |    74 ||    88
Block: Shield            |    36 |   103 ||   139
